 Dungeon Crawl Stone Soup version 0.30.0-29-ga12c61a403 (webtiles) character file.

Game seed: 11783869547426981699

591 BONEBRO the Spear-Bearer (level 7, 0/54 HPs)
             Began as a Merfolk Gladiator on June 25, 2023.
             Slain by Menkaure (9 damage)
             ... on level 6 of the Dungeon.
             The game lasted 00:07:21 (2877 turns).

BONEBRO the Spear-Bearer (Merfolk Gladiator)        Turns: 2877, Time: 00:07:21

Health: 0/54       AC:  8    Str: 16      XL:     7   Next: 39%
Magic:  7/7        EV: 11    Int:  7 (8)  God:
Gold:   217        SH:  0    Dex: 15      Spells: 6/6 levels left

rFire   . . .        a - +0 trident
rCold   . . .        (no shield)
rNeg    . . .        m - +0 scale mail
rPois   .            c - +0 helmet
rElec   .            (no cloak)
rCorr   .            (no gloves)
SInv    .            l - +0 pair of boots
Will    .....        (no amulet) Stlth
                     (no ring)
HPRegen 0.29/turn    (no ring)
MPRegen 0.10/turn

%: no passive effects
@: no status effects
A: (nimble swimmer 2), mertail
a: no special abilities


You were on level 6 of the Dungeon.
You visited 1 branch of the dungeon, and saw 6 of its levels.

You collected 217 gold pieces.

Inventory:

Hand Weapons
 a - a +0 trident (weapon)
 e - a +0 antimagic spear
Missiles
 k - a javelin (quivered)
Armour
 b - a +0 leather armour
 c - a +0 helmet (worn)
 l - a +0 pair of boots (worn)
 m - a +0 scale mail (worn)
Magical Staves
 u - a staff of air
Wands
 A - a wand of flame (22)
Scrolls
 f - a scroll of enchant armour {unknown}
 g - a scroll of brand weapon {unknown}
 h - a scroll of teleportation {unknown}
 i - a scroll of immolation {unknown}
 n - 2 scrolls of amnesia {unknown}
 o - 4 scrolls of identify {unknown}
 p - a scroll of fear {unknown}
 t - a scroll of fog {unknown}
 v - a scroll of noise {unknown}
 x - a scroll of torment {unknown}
 y - 2 scrolls of enchant weapon {unknown}
Potions
 q - a potion of might {unknown}
 r - a potion of resistance {unknown}
 s - 2 potions of curing {unknown}
 w - a potion of mutation {unknown}
 z - a potion of attraction {unknown}


   Skills:
 + Level 4.2 Fighting
 - Level 10.0 Polearms
 - Level 2.0 Throwing
 - Level 4.0 Dodging


You had 6 spell levels left.
You didn't know any spells.
Your spell library contained the following spells:

 Spells                   Type           Power      Damage    Failure   Level
 Foxfire                  Conj/Fire      0%         2x1d4     87%         1
 Tukima's Dance           Hex            0%         N/A       99%         3
 Passage of Golubria      Tloc           0%         N/A       100%        4
 Fireball                 Conj/Fire      0%         3d3       100%        5
 Yara's Violent Unravell  Hex/Tmut       0%         3d3       100%        5
 Plasma Beam              Fire/Air       0%         2x1d11    100%        6
 Starburst                Conj/Fire      0%         6d3       100%        6


Dungeon Overview and Level Annotations

Branches:
Dungeon (6/15)             Temple (0/1) D:6

Altars:
Dithmenos
Ru
Zin

Annotations:
D:6 Menkaure


Innate Abilities, Weirdness & Mutations

((You are very nimble when in or above water. (Stealth+, EV+, Speed+++)))
Your lower body shifts to a powerful aquatic tail in water.


Message History

You are too injured to fight recklessly!
You are too injured to fight recklessly!
You are too injured to fight recklessly!
You are too injured to fight recklessly!
Reach: a) +0 trident
Press: ? - help, Dir - move target, f/p - Menkaure
Aim: Menkaure (about 22% to evade your +0 trident)
You reach to attack!
You barely miss Menkaure.
Reach: a) +0 trident
Press: ? - help, Dir - move target, f/p - Menkaure
Aim: Menkaure (about 22% to evade your +0 trident)
You hit Menkaure.
Menkaure is lightly damaged.
Reach: a) +0 trident
Press: ? - help, Dir - move target, f/p - Menkaure
Aim: Menkaure (lightly damaged, about 22% to evade your +0 trident)
You puncture Menkaure!
Menkaure is heavily damaged.
Menkaure barely misses you.
Reach: a) +0 trident
Press: ? - help, Dir - move target, f/p - Menkaure
Aim: Menkaure (heavily damaged, about 22% to evade your +0 trident)
You hit Menkaure but do no damage.
Menkaure is heavily damaged.
Menkaure hits you!
* * * LOW HITPOINT WARNING * * *
Okay, then.
Okay, then.
Reach: a) +0 trident
Press: ? - help, Dir - move target, f/p - Menkaure
Aim: Menkaure (heavily damaged, about 22% to evade your +0 trident)
You hit Menkaure but do no damage.
Menkaure is heavily damaged.
Reach: a) +0 trident
Press: ? - help, Dir - move target, f/p - Menkaure
Aim: Menkaure (heavily damaged, about 22% to evade your +0 trident)
You completely miss Menkaure.
Menkaure is heavily damaged.
Menkaure hits you!
You die...

### ..# #.# #.
#.# #.#######.#
##
#......##.###...#
#..###....@M(..(#
#..#....#.###.!.#
###.8.#.##.# ##
## ###.......##.#
.. ....8.>.8.##.#
.# ###.......##.#
.# #.#.8.#....#
.# ##.###.#####
.### #.....######


You could see Menkaure.

Vanquished Creatures
  A black bear (D:6)
  An ogre (D:6)
  A phantom (D:4)
  A bullfrog (D:6)
  A scorpion (D:3)
  A jelly (D:6)
  A scorpion zombie (D:4)
  2 hound zombies (D:4)
  A gnoll (D:1)
  2 adders
  An ufetubus (D:6)
  2 adder zombies (D:4)
  An adder skeleton (D:4)
  4 dart slugs
  3 orcs
  10 ball pythons
  7 endoplasms
  3 giant cockroaches
  7 goblins
  6 hobgoblins
  6 jackals
  6 kobolds
  4 quokkas
  6 bats
  2 frilled lizards (D:1)
  A jackal zombie (D:4)
  2 rats
83 creatures vanquished.

Notes
Turn   | Place    | Note
-------+----------+-------------------------------------------
     0 | D:1      | BONEBRO the Merfolk Gladiator began the quest for the Orb.
     0 | D:1      | Reached XP level 1. HP: 16/16 MP: 1/1
   157 | D:1      | Reached XP level 2. HP: 22/22 MP: 2/2
   195 | D:1      | Reached skill level 5 in Polearms
   502 | D:1      | Reached XP level 3. HP: 27/27 MP: 3/3
   654 | D:1      | Reached skill level 6 in Polearms
   708 | D:1      | Found a faded altar of an unknown god.
  1045 | D:2      | Reached XP level 4. HP: 33/33 MP: 4/4
  1810 | D:3      | Noticed a scorpion
  1818 | D:3      | Killed a scorpion
  1819 | D:3      | Reached skill level 7 in Polearms
  1819 | D:3      | Reached XP level 5. HP: 38/38 MP: 5/5
  1947 | D:4      | Found a shadowy altar of Dithmenos.
  2043 | D:4      | Reached skill level 8 in Polearms
  2227 | D:4      | Found a glowing silver altar of Zin.
  2245 | D:4      | Found a sacrificial altar of Ru.
  2319 | D:4      | Noticed a phantom
  2374 | D:4      | Killed a phantom
  2375 | D:4      | Reached skill level 9 in Polearms
  2375 | D:4      | Reached XP level 6. HP: 43/44 MP: 6/6
  2582 | D:5      | Entered Level 5 of the Dungeon
  2617 | D:5      | Noticed a black bear
  2683 | D:6      | Reached skill level 10 in Polearms
  2683 | D:6      | Reached XP level 7. HP: 32/51 MP: 7/7
  2853 | D:6      | Found a staircase to the Ecumenical Temple.
  2866 | D:6      | Noticed Menkaure
  2877 | D:6      | Slain by Menkaure

Illustrated notes

Levels and vault maps discovered:
D:1:      co_arrival_square_in_a_square_in_a_square, layout_basic,
          nicolae_ecumenical_snake_handling
D:2:      layout_rooms, serial_glass, glass_columns_a, glass_columns_c
D:3:      layout_rooms
D:4:      layout_basic, grunt_dithmenos_smoke,
          mainiacjoe_overflow_large_starburst, serial_undead, serial_undead_d,
          serial_undead_b, serial_undead_a, serial_undead_c
D:5:      layout_rooms, serial_shops, nicolae_shop_tiny_statue_garden,
          serial_corexii_hall, corexii_hall_statues_x, corexii_hall_statues_x
D:6:      layout_loops_ring, minmay_temple_entry_statues_pillars, uniq_menkaure

Skill      XL: |  1  2  3  4  5  6  7 |
---------------+----------------------+-----
Polearms       | 5 6 7 9 10 | 10.0
Fighting       | 4 |  4.2
Throwing       | |  2.0
Dodging        | |  4.0

Action                     |  1- 3 |  4- 6 |  7- 9 || total
---------------------------+-------+-------+-------++-------
  Melee: Trident           |   101 |   183 |    24 ||   308
         Punch             |     1 |       |       ||     1
  Throw: Throwing net      |     1 |     2 |     1 ||     4
         Javelin           |     1 |       |       ||     1
         Dart              |       |     3 |     4 ||     7
    Use: Potion            |       |     3 |       ||     3
   Stab: Sleeping          |       |     1 |       ||     1
 Armour: Leather armour    |    18 |    30 |       ||    48
         Skin              |       |    19 |       ||    19
         Scale mail        |       |     3 |     8 ||    11
  Dodge: Dodged            |    46 |    80 |    13 ||   139
